 Dungeon Crawl Stone Soup version 0.30-a0-953-g5f1da4a474 (webtiles) character file.

Game seed: 6875405966251710798

105 gelatine the Trooper (level 4, -9/35 HPs)
             Began as a Demonspawn Fighter on Mar 29, 2023.
             Mangled by an ogre
             ... wielding a +0 giant club
              (21 damage)
             ... on level 3 of the Dungeon.
             The game lasted 00:03:44 (1637 turns).

gelatine the Trooper (Demonspawn Fighter)           Turns: 1637, Time: 00:03:45

Health: -9/35      AC:  6    Str: 18    XL:     4   Next: 54%
Magic:  6/6        EV:  9    Int:  9    God:
Gold:   131        SH:  4    Dex: 13    Spells: 6/6 levels left

rFire   . . .      SeeInvis .    a - +0 war axe
rCold   . . .      Faith    .    c - +0 buckler
rNeg    . . .      Spirit   .    b - +0 scale mail
rPois   .          Reflect  .    (no helmet)
rElec   .          Rampage  .    (no cloak)
rCorr   .                        (no gloves)
Will    .....                    (no boots) Stlth
                                 (no amulet)
HPRegen 0.25/turn                (no ring)
MPRegen 0.20/turn                (no ring)

@: no status effects
A: magic regeneration, demonic touch 1
a: no special abilities


You were on level 3 of the Dungeon.
You visited 1 branch of the dungeon, and saw 3 of its levels.

You collected 131 gold pieces.

Inventory:

Hand Weapons
 a - a +0 war axe (weapon)
Missiles
 g - 2 boomerangs (quivered)
 h - 6 datura-tipped darts
 m - 6 poisoned darts
Armour
 b - a +0 scale mail (worn)
 c - a +0 buckler (worn)
Scrolls
 e - a scroll of acquirement {unknown}
 f - a scroll of enchant armour {unknown}
 i - a scroll of fear {unknown}
 k - a scroll of teleportation {unknown}
 l - a scroll of magic mapping {unknown}
Potions
 d - 3 potions of might
 j - a potion of heal wounds {unknown}
 n - a potion of cancellation {unknown}
 o - a potion of haste {unknown}
 p - 2 potions of flight {unknown}
 q - a potion of degeneration {unknown}


   Skills:
 * Level 3.2 Fighting
 * Level 2.6 Axes
 * Level 0.4 Throwing
 * Level 3.1 Armour
 * Level 0.1 Dodging
 + Level 0.1 Stealth
 * Level 3.2 Shields
 * Level 1.7 Spellcasting


You had 6 spell levels left.
You didn't know any spells.
Your spell library was empty.

Dungeon Overview and Level Annotations

Branches:
Dungeon (3/15)

Altars:
Kikubaaqudgha


Innate Abilities, Weirdness & Mutations

You regenerate magic rapidly.
Your touch may inflict minor irresistible damage on your foes.


Message History

The worm bites you.
You slash the worm!
You kill the worm!
You see here a worm corpse.
A ball python comes into view.
You throw a boomerang. The ball python hisses angrily.
The boomerang hits the ball python.
You kill the ball python!
No target in view!
No target in view!
HP restored.
Found an ancient bone altar of Kikubaaqudgha.
You now have 131 gold pieces (gained 7).
You see here a ball python corpse.
Found a stone staircase leading down.
Found a stone staircase leading down.
An ogre comes into view. It is wielding a +0 giant club.
The ogre shouts!
You hear a shout!
The ogre moves out of view.
An ogre and an adder come into view.
Found a stone staircase leading up.
You throw a boomerang. The boomerang hits the ogre.
The ogre is lightly wounded.
You throw a boomerang. The boomerang hits the ogre.
The ogre is moderately wounded.
The ogre hits you with a +0 giant club!!
Ouch! That really hurt!
You are too injured to fight recklessly!
You hit the ogre.
The ogre is moderately wounded.
The ogre barely misses you.
You slash the ogre!
The ogre is heavily wounded.
The ogre barely misses you.
You hit the ogre but do no damage.
The ogre is heavily wounded.
The ogre hits you with a +0 giant club!!
Ouch! That really hurt!
You die...

......... #. ....#..# ## #.....#
# #. #...>##.# ... #
#...###.......## ..# #
....>....#...<..### .. #
...####S## .......###.## #O#
#.#####..##.#. #@# #.# #..##...
#.###.+ +..###.. ###.##..#
#.......
##############.#†##..#####)###...
.................##........####..
.#...#...#...#...............##..
.................#...........##..
.#...#...#...##..............####
..........†...##.##..........#


You could see an ogre and an adder.

Vanquished Creatures
  An orc wizard (D:2)
  2 adders (D:2)
  A worm (D:3)
  A dart slug (D:2)
  3 orcs
  8 ball pythons
  5 bats
  An endoplasm (D:2)
  A giant cockroach (D:1)
  5 goblins
  9 hobgoblins
  3 jackals (D:2)
  3 kobolds
  2 quokkas (D:1)
  3 frilled lizards
  3 rats
51 creatures vanquished.

Notes
Turn   | Place    | Note
-------+----------+-------------------------------------------
     0 | D:1      | gelatine the Demonspawn Fighter began the quest for the
                  | Orb.
     0 | D:1      | Reached XP level 1. HP: 18/18 MP: 1/1
   201 | D:1      | Gained mutation: Your touch may inflict minor irresistible
                  | damage on your foes. [demonic ancestry]
   201 | D:1      | Reached XP level 2. HP: 24/24 MP: 2/2
   830 | D:2      | Gained mutation: You regenerate magic rapidly. [demonic
                  | ancestry]
   830 | D:2      | Reached XP level 3. HP: 29/29 MP: 3/3
   991 | D:2      | Reached skill level 1 in Spellcasting
  1227 | D:2      | Reached XP level 4. HP: 35/35 MP: 5/5
  1601 | D:3      | Found an ancient bone altar of Kikubaaqudgha.
  1627 | D:3      | Noticed an ogre
  1637 | D:3      | Mangled by an ogre

Illustrated notes

Levels and vault maps discovered:
D:1:      scummos_arrival_hexagon, layout_basic, serial_glass, glass_columns_a,
          glass_columns_a, nicolae_figureground_sparkle
D:2:      layout_rooms, dk_noncrumbling_2, minmay_pentomino_o2
D:3:      layout_rooms, lemuel_coloured_pillars_altar, minmay_misc_feat_room

Skill      XL: |  1  2  3 |
---------------+----------+-----
Axes           | 2 |  2.6
Shields        | 3 |  3.2
Armour         | 3 |  3.1
Spellcasting   | 1 |  1.7
Fighting       | |  3.2
Throwing       | |  0.4
Dodging        | |  0.1
Stealth        | |  0.1

Action                     |  1- 3 |  4- 6 || total
---------------------------+-------+-------++-------
  Melee: War axe           |    84 |    13 ||    97
  Throw: Boomerang         |    57 |    24 ||    81
 Armour: Scale mail        |    44 |     6 ||    50
  Dodge: Dodged            |    40 |     4 ||    44
  Block: Buckler           |    22 |       ||    22

Table legend: (Time is in decaauts)
 A = Elapsed time spent in this place.
 B = Non-inter-level travel time spent in this place.
 C = Inter-level travel time spent in this place.
 D = Time resting spent in this place.
 E = Time spent auto-exploring this place.
 F = Levels seen in this place.
 G = Mean time per level.
                   A        B        C        D        E       F      G
               +--------+--------+--------+--------+--------+-----+--------+
         Total |   1705 |   1603 |    102 |      0 |   1181 |   3 |  568.3 |
       Dungeon |   1705 |   1603 |    102 |      0 |   1181 |   3 |  568.3 |
               +--------+--------+--------+--------+--------+-----+--------+

Top non-repeatable levels by time:
     D:1: 848 daAuts
     D:2: 676 daAuts
     D:3: 181 daAuts
